 Dungeon Crawl Stone Soup version 0.20-a0-1122-gb7cbeb9 (webtiles) character file.

1187 Gorglomux the Covert (level 8, 0/38 HPs)
             Began as a Vine Stalker Assassin on May 13, 2017.
             Succumbed to a scorpion's poison
             ... on level 5 of the Dungeon.
             The game lasted 00:16:16 (4541 turns).

Gorglomux the Covert (Vine Stalker Assassin)        Turns: 4541, Time: 00:16:17

Health: 0/38       AC:  7    Str: 13    XL:     8   Next: 43%
Magic:  9/9        EV: 11    Int: 14    God:
Gold:   307        SH:  0    Dex: 19    Spells: 7/7 levels left

rFire    + . .     SeeInvis .   a - +0 dagger (speed)
rCold    + . .     Gourm    .   (no shield)
rNeg     . . .     Faith    +   r - +3 leather armour of Tuafeemn {Int+3}
rPois    +         Spirit   +   (no helmet)
rElec    +         Reflect  .   d - +0 cloak
rCorr    +         Harm     .   (no gloves)
MR       ++...                  (no boots)
Stlth    +++++.....             H - amulet of faith {Faith, !P}
Regen    0.6/turn               F - ring of protection from magic {MR+, !d}
MPRegen  0.2/turn               (no ring)

@: lethally poisoned (0 -> -1), resistant
A: fangs 3, regeneration 1, magic shield, antimagic bite, no potion heal 3, rot
immunity
a: no special abilities


You were on level 5 of the Dungeon.
You were not hungry.

You visited 1 branch of the dungeon, and saw 5 of its levels.

You collected 307 gold pieces.

Inventory:

Hand Weapons
 a - a +0 dagger of speed (weapon)
   (You took it off a kobold on level 3 of the Dungeon)
 b - a +0 blowgun
 s - a +2 dagger
 x - a +0 vampiric dagger {!w}
   (You found it on level 3 of the Dungeon)
Missiles
 e - 8 poisoned needles
 f - 2 curare-tipped needles
 q - 7 needles of confusion
Armour
 d - a +0 cloak (worn)
 r - the +3 leather armour of Tuafeemn (worn) {Int+3}
   (You found it on level 4 of the Dungeon)

   It affects your intelligence (+3).
Jewellery
 F - a ring of protection from magic (left hand) {MR+, !d}
   (You found it on level 5 of the Dungeon)
 H - an amulet of faith (around neck) {Faith, !P}
   (You found it on level 5 of the Dungeon)
Wands
 C - a wand of confusion (17/48)
   (You found it on level 4 of the Dungeon)
Scrolls
 c - a scroll of random uselessness {unknown}
 h - a scroll of blinking {unknown}
 i - 3 scrolls of teleportation {unknown}
 k - 2 scrolls of remove curse {unknown}
 o - a scroll of enchant armour {unknown}
 v - a scroll of identify
 w - 2 scrolls of fog
 y - 2 scrolls of fear {unknown}
 D - a scroll of amnesia {unknown}
 E - 3 scrolls of magic mapping {unknown}
 G - a scroll of vulnerability {unknown}
Potions
 l - 2 potions of heal wounds
 n - 4 potions of flight
 A - a potion of magic
 B - a potion of resistance
Comestibles
 g - 6 bread rations {@e1@e1}
 j - 5 chunks of flesh {@w0@w0}
 m - 2 royal jellies
 p - 3 meat rations {@e2@e2}
 u - 8 fruits


   Skills:
 - Level 1.7 Fighting
 + Level 6.5 Short Blades
 - Level 1.7 Throwing
 - Level 0.7 Dodging
 + Level 10.3 Stealth


You had 7 spell levels left.
You didn't know any spells.

Dungeon Overview and Level Annotations

Branches:
Dungeon (5/15)
 Temple: D:4-7

Altars:
Fedhas
Kikubaaqudgha
Sif Muna
Trog
Uskayaw
Vehumet
Zin
The Shining One


Innate Abilities, Weirdness & Mutations

You have razor-sharp teeth.
Your natural rate of healing is unusually fast.
When hurt, damage is shared between your health and your magic reserves.
Your bite disrupts and absorbs the magic of your enemies.
Potions cannot restore your health.
You are immune to rotting.


Message History

You barely miss the scorpion.
The scorpion stings you but does no damage.
You closely miss the scorpion.
You bite the scorpion, but do no damage.
You feel sick.
You take 1 damage, and have 29/38 hp.
Unknown command.
You hit the scorpion but do no damage. The scorpion stings you.
You take 3 damage, and have 26/38 hp.
Unknown command.
You hit the scorpion. You bite the scorpion. You drain its power.
Unknown command.
You barely miss the scorpion. Your bite misses the scorpion.
You feel sick. The scorpion stings you.
You are more poisoned.
The scorpion poisons you!
You take 4 damage, and have 23/38 hp.
You now have 8/9 mp.
You hit the scorpion but do no damage. Your bite misses the scorpion.
You feel sick.
You take 1 damage, and have 22/38 hp.
You are too injured to fight recklessly!
You hit the scorpion but do no damage. The scorpion barely misses you.
Unknown command.
You hit the scorpion.
You feel sick.
Unknown command.
You hit the scorpion but do no damage.
You bite the scorpion, but do no damage.
You feel sick. The scorpion stings you!
You take 6 damage, and have 16/38 hp.
You now have 7/9 mp.
Unknown command.
You hit the scorpion.
You feel sick.
You take 1 damage, and have 15/38 hp.
Unknown command.
You hit the scorpion but do no damage.
Unknown command.
You hit the scorpion but do no damage. You bite the scorpion.
You drain its power.
You feel invigorated.
You feel sick. The scorpion stings you.
You are lethally poisoned!
The scorpion poisons you!
You take 2 damage, and have 13/38 hp.
You hit the scorpion. Your bite misses the scorpion.
You feel sick.
You take 1 damage, and have 12/38 hp.
Unknown command.
* * * LOW HITPOINT WARNING * * *
You feel sick.
You take 2 damage, and have 10/38 hp.
Unknown command.
You hit the scorpion but do no damage. You bite the scorpion.
You drain its power.
You feel invigorated.
You kill the scorpion!
* * * LOW HITPOINT WARNING * * *
You feel sick.
MP restored: 9
* * * LOW HITPOINT WARNING * * *
You feel sick.
Unknown command.
You take 2 damage, and have 8/38 hp.
* * * LOW HITPOINT WARNING * * *
You feel sick.
* * * LOW HITPOINT WARNING * * *
You feel sick.
You take 2 damage, and have 6/38 hp.
* * * LOW HITPOINT WARNING * * *
You feel sick.
* * * LOW HITPOINT WARNING * * *
You feel sick.
You take 2 damage, and have 4/38 hp.
* * * LOW HITPOINT WARNING * * *
You feel sick.
It was a potion of ambrosia.
You are confused.
Your system rejects the healing.
You feel invigorated.
* * * LOW HITPOINT WARNING * * *
You feel sick.
You take 1 damage, and have 3/38 hp.
Unknown command.
It was a potion of cancellation.
Your magical effects are unravelling.
You feel magically purged.
You feel less invigorated.
You feel less confused.
* * * LOW HITPOINT WARNING * * *
You feel sick.
You feel protected.
* * * LOW HITPOINT WARNING * * *
You feel sick.
You take 1 damage, and have 2/38 hp.
As you read the scroll labeled DUOMEME HUDDALI, it crumbles to dust.
The scroll dissolves into smoke.
It was a scroll of fog.
* * * LOW HITPOINT WARNING * * *
You feel sick.
Unknown command.
There is a lethal amount of poison in your body!
Unknown command.
* * * LOW HITPOINT WARNING * * *
You feel sick.
You take 1 damage, and have 1/38 hp.
* * * LOW HITPOINT WARNING * * *
You feel sick.
You die...

#.♣♣P♣♣≈≈.♣≈♣♣P.........##.....
#.♣♣♣♣♣P≈.♣♣♣♣♣.#.#####........
#....♣♣♣≈P♣ #.#.###.)........
#.##.♣♣≈.P♣ #.#.#...##.......
#.##..♣.≈≈♣ #.#...####.......
#.###.♣♣.P♣ #.#.### #.......
#.# #....## ##.#.############.
#.# ###### #§§§.......#######
#.############@§§..............
#............§§§÷>..(....?.....
###########.§.≈≈[.......####...
#..≈..≈.......# #...
#.≈._≈≈.####### #... ##.≈≈≈..#
#... #......###########.#
####................
#############....


There were no monsters in sight!

Vanquished Creatures
  Eustachio (D:4)
  2 phantoms (D:4)
  2 ogres
  The ghost of salapander the Skirmisher, an amateur VSFi (D:3)
  A scorpion (D:5)
  A crimson imp (D:5)
  2 hounds (D:5)
  A quasit (D:5)
  A bullfrog skeleton (D:5)
  A centaur zombie (D:5)
  A jelly (D:4)
  An orc priest (D:5)
  3 worker ants
  A hound skeleton (D:4)
  A worker ant zombie (D:5)
  6 gnolls (D:3)
  10 adders
  3 worms
  An adder zombie (D:5)
  2 leopard geckos (D:2)
  12 orcs
  5 giant cockroaches
  4 goblins
  4 hobgoblins
  12 jackals
  2 quokkas (D:2)
  4 ball pythons
  9 bats
  2 frilled lizards
  6 kobolds
  3 rats
105 creatures vanquished.

Notes
Turn   | Place    | Note
-------+----------+-------------------------------------------
     0 | D:1      | Gorglomux the Vine Stalker Assassin began the quest for the Orb.
     0 | D:1      | Reached XP level 1. HP: 11/11 MP: 2/2
   146 | D:1      | Reached skill level 2 in Short Blades
   176 | D:1      | Reached skill level 5 in Stealth
   181 | D:1      | Reached XP level 2. HP: 4/15 MP: 3/3
   181 | D:1      | HP: 3/15 [goblin/stone (1)]
   186 | D:1      | HP: 1/15 [jackal (1)]
   941 | D:2      | Reached XP level 3. HP: 12/18 MP: 4/4
  1415 | D:2      | Found a bloodstained altar of Trog.
  1415 | D:2      | Found a hide-covered altar of Uskayaw.
  1432 | D:2      | Found a glowing silver altar of Zin.
  1434 | D:2      | Found an ancient bone altar of Kikubaaqudgha.
  1435 | D:2      | Found a radiant altar of Vehumet.
  1436 | D:2      | Reached skill level 6 in Stealth
  1436 | D:2      | Gained mutation: Your natural rate of healing is unusually fast. [Vine Stalker growth]
  1436 | D:2      | Reached XP level 4. HP: 21/23 MP: 5/5
  1787 | D:2      | Reached skill level 3 in Short Blades
  1935 | D:3      | Found a glowing golden altar of the Shining One.
  2202 | D:3      | Reached XP level 5. HP: 26/26 MP: 6/6
  2218 | D:3      | Noticed salapander's ghost (amateur VSFi)
  2240 | D:3      | HP: 5/26 [gnoll/halberd (10)]
  2347 | D:3      | HP: 5/26 [gnoll/whip (5)]
  2410 | D:3      | Found a glowing golden altar of the Shining One.
  2460 | D:3      | Found a deep blue altar of Sif Muna.
  2489 | D:3      | Reached skill level 7 in Stealth
  2949 | D:3      | HP: 4/26 [salapander's ghost (8)]
  2993 | D:3      | Killed salapander's ghost
  2993 | D:3      | Reached skill level 4 in Short Blades
  2993 | D:3      | Gorglomux: !lm salapander
  2993 | D:3      | beem: 243. [2017-05-13 13:27:42] salapander the Skirmisher (L7 VSFi of Uskayaw) became a worshipper of Uskayaw on turn 2970. (Temple)
  2993 | D:3      | Gorglomux: !lg salapander
  2993 | D:3      | beem: 45. salapander the Skirmisher (L8 VSFi of Uskayaw), slain by a black bear on D:6 on 2017-05-13 13:29:08, with 1501 points after 4656 turns and 0:04:16.
  2993 | D:3      | Reached XP level 6. HP: 27/30 MP: 7/7
  3003 | D:4      | Noticed a phantom
  3084 | D:4      | Noticed a phantom
  3085 | D:4      | Killed a phantom
  3097 | D:4      | Got an ichor-stained leather armour
  3110 | D:4      | Identified the +3 leather armour of Tuafeemn {Int+3} (You found it on level 4 of the Dungeon)
  3228 | D:4      | Killed a phantom
  3228 | D:4      | Reached skill level 8 in Stealth
  3228 | D:4      | Reached XP level 7. HP: 15/34 MP: 8/8
  3339 | D:4      | Reached skill level 5 in Short Blades
  3478 | D:4      | Noticed Eustachio
  3510 | D:4      | Killed Eustachio
  3618 | D:4      | Reached skill level 9 in Stealth
  3783 | D:5      | Entered Level 5 of the Dungeon
  3812 | D:5      | HP: 6/34 [acid (3)]
  4025 | D:5      | Gained mutation: You have razor-sharp teeth. [Vine Stalker growth]
  4025 | D:5      | Reached XP level 8. HP: 32/38 MP: 9/9
  4075 | D:5      | Found a blossoming altar of Fedhas.
  4079 | D:5      | Reached skill level 6 in Short Blades
  4438 | D:5      | Reached skill level 10 in Stealth
  4529 | D:5      | HP: 8/38 [poisoned by a scorpion]
  4534 | D:5      | HP: 4/38 [poisoned by a scorpion]
  4539 | D:5      | HP: 1/38 [poisoned by a scorpion]
  4541 | D:5      | Succumbed to a scorpion's poison

Vault maps used:
D:1:      dpeg_arrival_long_road
D:2:      chequers_temple_overflow_minitemple
D:3:      nicolae_overflow_crystal_walls, lemuel_coloured_pillars_altar,
          first_bread, tso_altar
D:4:      kennysheep_generic_room_5, uniq_eustachio
D:5:      fedhas_altar_2, serial_bayou_crossing

Skill      XL: |  1  2  3  4  5  6  7  8 |
---------------+-------------------------+-----
Short Blades   | 2 3 4 5 6 |  6.5
Stealth        | 5 6 7 8 9 10 | 10.3
Fighting       | |  1.7
Throwing       | |  1.7
Dodging        | |  0.7

Action                   |  1- 3 |  4- 6 |  7- 9 || total
-------------------------+-------+-------+-------++-------
Melee: Dagger            |    81 |   230 |   349 ||   660
       Bite              |    17 |    62 |   124 ||   203
 Fire: Blowgun           |     5 |     6 |     5 ||    16
Throw: Tomahawk          |       |       |     3 ||     3
  Use: Scroll            |       |       |     5 ||     5
       Potion            |       |       |     3 ||     3
 Stab: Sleeping          |     9 |    13 |     3 ||    25
       Distracted        |       |       |     1 ||     1
       Confused          |       |       |     1 ||     1
  Eat: Chunk             |     2 |     4 |     6 ||    12
Armor: Robe              |    21 |    14 |       ||    35
       Leather armour    |       |     6 |    69 ||    75
Dodge: Dodged            |    54 |    74 |   118 ||   246

Vault maps used:
D:1:      dpeg_arrival_long_road
D:2:      chequers_temple_overflow_minitemple
D:3:      nicolae_overflow_crystal_walls, lemuel_coloured_pillars_altar,
          first_bread, tso_altar
D:4:      kennysheep_generic_room_5, uniq_eustachio
D:5:      fedhas_altar_2, serial_bayou_crossing

Table legend:
 A = Turns spent in this place as a percentage of turns spent in the entire game.
 B = Non-inter-level travel turns spent in this place as a percentage of non-inter-level travel turns spent in the entire game.
 C = Inter-level travel turns spent in this place as a percentage of turns spent in this place.
 D = Turns resting spent in this place as a percentage of non-inter-level travel turns spent in this place.
 E = Turns spent auto-exploring this place as a percentage of non-inter-level travel turns spent in this place.
 F = Non-inter-level travel turns spent in this place divided by the number of levels of this place that you've seen.
                   A       B       C       D       E      F
               +-------+-------+-------+-------+-------+----------------------
         Total | 100.0 | 100.0 |   0.3 |   1.2 |   5.8 | 466.8
       Dungeon | 100.0 | 100.0 |   0.3 |   1.2 |   5.8 | 466.8
               +-------+-------+-------+-------+-------+----------------------

Table legend:
 A = Kills in this place as a percentage of kills in entire the game.
 B = Kills by you in this place as a percentage of kills by you in the entire game.
 C = Kills by friends in this place as a percentage of kills by friends in the entire game.
 D = Other kills in this place as a percentage of other kills in the entire game.
 E = Experience gained in this place as a percentage of experience gained in the entire game.
 F = Experience gained in this place divided by the number of levels of this place that you have seen.
                   A       B       C       D       E      F
               +-------+-------+-------+-------+-------+----------------------
         Total | 100.0 | 100.0 |  -nan |  -nan | 100.0 | 339.2
       Dungeon | 100.0 | 100.0 |  -nan |  -nan | 100.0 | 339.2
               +-------+-------+-------+-------+-------+----------------------
